 Dungeon Crawl Stone Soup version 0.31-a0-795-g5eb97db20b (webtiles) character file.

Game seed: 7878012610643580570

394 Shayle the Trooper (level 6, -3/66 HPs)
             Began as an Ogre Hexslinger on Sept 19, 2023.
             Was an Initiate of Ashenzari.
             Slain by Edmund
             ... wielding a +2 heavy flail
              (8 damage)
             ... on level 5 of the Dungeon.
             The game lasted 00:05:21 (3459 turns).

Shayle the Trooper (Ogre Hexslinger)                Turns: 3459, Time: 00:05:22

Health: -3/66      AC:  6    Str: 17    XL:     6   Next: 81%
Magic:  12/12      EV: 10    Int: 16    God:    Ashenzari [......]
Gold:   273        SH:  5    Dex: 13    Spells: 13/13 levels left

rFire   . . .        a - +1 sling
rCold   . . .        (no shield)
rNeg    . . .        c - +0 robe
rPois   +            (helmet restricted)
rElec   .            r - +2 cloak "Tobiette" {rPois Will+ Str-2 Dex+2}
rCorr   .            (gloves unavailable)
SInv    .            (boots unavailable)
Will    +....        j - amulet of reflection
Stlth   +            q - +6 ring of strength
HPRegen 0.31/turn    (no ring)
MPRegen 0.13/turn

%: reflection
@: mighty, brilliant, attractive
A: large, unfitting armour, tough skin 1
a: Renounce Religion, Curse Item


You were on level 5 of the Dungeon.
You worshipped Ashenzari.
Ashenzari was noncommittal.
You visited 1 branch of the dungeon, and saw 5 of its levels.

You collected 273 gold pieces.

Inventory:

Hand Weapons
 a - a +1 sling (weapon)
 w - a +1 whip of electrocution
 z - a +6 club
Armour
 c - a +0 robe (worn)
 r - the +2 cloak "Tobiette" (worn) {rPois Will+ Str-2 Dex+2}
   (You found it on level 2 of the Dungeon)

   Str-2:     It affects your strength (-2).
   Dex+2:     It affects your dexterity (+2).
   rPois:     It protects you from poison Will+: It increases your willpower.
Jewellery
 j - an amulet of reflection (around neck)
 p - an amulet of magic regeneration
 q - a +6 ring of strength (left hand)
Wands
 v - a wand of charming (27)
 y - a wand of roots (3)
Scrolls
 b - a scroll of poison
 g - 2 scrolls of immolation {unknown}
 h - 7 scrolls of identify {unknown}
 m - 2 scrolls of amnesia {unknown}
 o - 3 scrolls of teleportation {unknown}
 t - a scroll of vulnerability {unknown}
 x - a scroll of blinking {unknown}
Potions
 d - a potion of attraction
 e - a potion of degeneration {unknown}
 f - a potion of brilliance
 i - a potion of ambrosia {unknown}
 k - a potion of haste {unknown}
 l - a potion of curing {unknown}
 n - a potion of heal wounds {unknown}
 u - a potion of berserk rage {unknown}


   Skills:
 + Level 5.3 Fighting
 - Level 1.3 Ranged Weapons
 - Level 1.7 Dodging
 + Level 3.6 Shields
 + Level 4.2 Spellcasting
 - Level 2.6 Hexes
 - Level 0.8 Fire Magic


You had 13 spell levels left.
You didn't know any spells.
Your spell library contained the following spells:

 Spells                   Type           Power      Damage    Failure   Level
 Jinxbite                 Hex            34%        N/A       9%          2
 Kiss of Death            Conj/Necr      20%        2d7       17%         1
 Shock                    Conj/Air       20%        1d4       17%         1
 Confusing Touch          Hex            17%        N/A       17%         3
 Sigil of Binding         Hex            17%        N/A       17%         3
 Inner Flame              Hex/Fire       13%        N/A       24%         3
 Swiftness                Air            5%         N/A       45%         3
 Cause Fear               Hex            8%         N/A       50%         4
 Dimensional Bullseye     Hex/Tloc       5%         N/A       67%         4
 Airstrike                Air            2%         2d(1-17)  86%         4
 Dispel Undead            Necr           5%         3d7       86%         4
 Summon Mana Viper        Hex/Summ       11%        N/A       95%         5
 Summon Forest            Summ/Tloc      2%         N/A       99%         5
 Summon Cactus Giant      Summ           2%         N/A       100%        6


Dungeon Overview and Level Annotations

Branches:
Dungeon (5/15)             Temple (0/1) D:5

Altars:
Ashenzari
Cheibriados
Elyvilon
Fedhas
Gozag
Hepliaklqana
Kikubaaqudgha
Makhleb
Nemelex Xobeh
Sif Muna
Trog
Vehumet
Wu Jian
Yredelemnul

Shops:
D:1 =

Annotations:
D:5 Edmund, Eustachio


Innate Abilities, Weirdness & Mutations

You are too large for most types of armour.
You have tough skin. (AC +1)


Message History

You shoot a sling bullet. The sling bullet hits the jelly.
The jelly quivers.
The jelly is lightly wounded.
You shoot a sling bullet. The sling bullet hits the jelly!
The jelly is severely wounded.
You shoot a sling bullet. The sling bullet hits the jelly.
You kill the jelly!
No target in view!
Edmund the Younger comes into view.
He is wielding a +2 heavy flail.
Edmund shouts!
You shoot a sling bullet. The sling bullet closely misses Edmund.
You shoot a sling bullet. The sling bullet hits Edmund.
Edmund is lightly wounded.
You shoot a sling bullet. The sling bullet closely misses Edmund.
You shoot a sling bullet. The sling bullet closely misses Edmund.
You shoot a sling bullet. The sling bullet hits Edmund.
Edmund is lightly wounded.
Edmund hits you with a +2 heavy flail!
You shoot a sling bullet. The sling bullet hits Edmund.
Edmund is lightly wounded.
Edmund hits you with a +2 heavy flail!
You shoot a sling bullet.
The sling bullet hits Edmund but does no damage.
Edmund is lightly wounded.
Edmund hits you with a +2 heavy flail!!
You shoot a sling bullet. The sling bullet hits Edmund.
Edmund is moderately wounded.
You block Edmund's attack.
It was a potion of brilliance.
You feel clever all of a sudden. Edmund hits you with a +2 heavy flail!!
* * * LOW HITPOINT WARNING * * *
It was a potion of attraction.
You feel attractive to monsters.
It was a potion of might.
You feel very mighty all of a sudden.
Edmund says, "People accused me of being a cutpurse!"
Edmund hits you with a +2 heavy flail!
You die...
Edmund says, "That'll show my brother!"

###### ###..# .....#
##.# ####.# #.# #.# #.#
#.#########.#
#...........#
#############
##########.
###########..@@......
####...........#########
.....########### ######


You could see Edmund.

Vanquished Creatures
  A phantom (D:5)
  A scorpion (D:5)
  A jelly (D:5)
  A hound (D:4)
  Ijyb (D:5)
  An orc wizard (D:3)
  9 adders
  A worm (D:2)
  A dart slug (D:3)
  6 orcs (D:3)
  5 endoplasms
  5 giant cockroaches
  4 goblins
  4 hobgoblins
  5 quokkas
  4 ball pythons
  3 bats
  5 frilled lizards
  6 kobolds
  8 rats
72 creatures vanquished.

Notes
Turn   | Place    | Note
-------+----------+-------------------------------------------
     0 | D:1      | Shayle the Ogre Hexslinger began the quest for the Orb.
     0 | D:1      | Reached XP level 1. HP: 19/19 MP: 2/2
   124 | D:1      | Found Gacwulof's Jewellery Boutique.
   151 | D:1      | Reached XP level 2. HP: 17/28 MP: 2/4
   328 | D:1      | Reached skill level 2 in Fighting
   339 | D:1      | Reached skill level 1 in Shields
   621 | D:2      | Reached XP level 3. HP: 36/36 MP: 5/5
   733 | D:2      | Found an ornate altar of the Wu Jian Council.
   816 | D:2      | Reached skill level 3 in Fighting
   902 | D:2      | Identified the +2 cloak "Tobiette" {rPois Will+ Str-2
                  | Dex+2}
   978 | D:2      | Reached XP level 4. HP: 27/45 MP: 7/7
  1554 | D:3      | Reached XP level 5. HP: 54/54 MP: 9/9
  1843 | D:3      | Reached skill level 4 in Fighting
  2154 | D:4      | Found a white marble altar of Elyvilon.
  2154 | D:4      | Found a radiant altar of Vehumet.
  2154 | D:4      | Found a broken altar of Ashenzari.
  2174 | D:4      | Found a shimmering blue altar of Sif Muna.
  2175 | D:4      | Found an opulent altar of Gozag.
  2176 | D:4      | Found a basalt altar of Yredelemnul.
  2178 | D:4      | Found a hazy altar of Hepliaklqana.
  2178 | D:4      | Found a sparkling altar of Nemelex Xobeh.
  2242 | D:4      | Found a snail-covered altar of Cheibriados.
  2246 | D:4      | Found a bloodstained altar of Trog.
  2247 | D:4      | Found a burning altar of Makhleb.
  2263 | D:4      | Became a worshipper of Ashenzari the Shackled
  2290 | D:4      | Found an ancient bone altar of Kikubaaqudgha.
  2291 | D:4      | Found a blossoming altar of Fedhas.
  2733 | D:5      | Entered Level 5 of the Dungeon
  2757 | D:5      | Found a staircase to the Ecumenical Temple.
  2829 | D:5      | Noticed a phantom
  2839 | D:5      | Killed a phantom
  2840 | D:5      | Reached XP level 6. HP: 57/65 MP: 11/11
  2916 | D:5      | Reached skill level 5 in Fighting
  3150 | D:5      | Noticed Ijyb
  3170 | D:5      | Killed Ijyb
  3279 | D:5      | Noticed Eustachio
  3280 | D:5      | Noticed a black bear
  3448 | D:5      | Noticed Edmund
  3459 | D:5      | Slain by Edmund

Illustrated notes

Levels and vault maps discovered:
D:1:      saegor_arrival_under_anarchy, layout_rooms, serial_shops,
          nicolae_shop_tiny_glass, hangedman_decor_slide_cut
D:2:      layout_rooms, basic_altar, minmay_octomino_c4
D:3:      layout_loops_cross
D:4:      layout_loops_ring, grunt_temple_overflow_growth_and_decay,
          nicolae_overflow_hallway_of_the_gods
D:5:      minmay_polygon_palace, layout_loops_ring, minmay_temple_entry_wispy,
          hangedman_decor_growths, hex_large, solitary_fountain,
          kennysheep_generic_room_13, uniq_eustachio, uniq_edmund, uniq_pikel,
          uniq_sigmund, uniq_ijyb

Skill      XL: |  1  2  3  4  5  6 |
---------------+-------------------+-----
Fighting       | 2 3 4 5 |  5.3
Shields        | 1 2 3 |  3.6
Spellcasting   | 2 3 4 |  4.2
Ranged Weapons | |  1.3
Dodging        | |  1.7
Hexes          | |  2.6
Fire Magic     | |  0.8

Action                     |  1- 3 |  4- 6 || total
---------------------------+-------+-------++-------
  Melee: Sling             |       |     2 ||     2
   Fire: Sling             |   119 |   215 ||   334
    Use: Potion            |       |     3 ||     3
 Armour: Robe              |    49 |   135 ||   184
  Dodge: Dodged            |    40 |    60 ||   100
  Block: Other             |     9 |    35 ||    44

Table legend: (Time is in decaauts)
 A = Elapsed time spent in this place.
 B = Non-inter-level travel time spent in this place.
 C = Inter-level travel time spent in this place.
 D = Time resting spent in this place.
 E = Time spent auto-exploring this place.
 F = Levels seen in this place.
 G = Mean time per level.
                   A        B        C        D        E       F      G
               +--------+--------+--------+--------+--------+-----+--------+
         Total |   3570 |   3481 |     89 |    321 |   2448 |   5 |  714.0 |
       Dungeon |   3570 |   3481 |     89 |    321 |   2448 |   5 |  714.0 |
               +--------+--------+--------+--------+--------+-----+--------+

Top non-repeatable levels by time:
     D:3: 940 daAuts
     D:2: 775 daAuts
     D:5: 679 daAuts
     D:4: 651 daAuts
     D:1: 522 daAuts
